 Dungeon Crawl Stone Soup version 0.21.1-1-g345015f (webtiles) character file.

116 tidbits the Insei (level 5, -6/40 HPs)
             Began as a Gnoll Transmuter on Feb 10, 2018.
             Mangled by a centaur (9 damage)
             ... on level 3 of the Dungeon.
             The game lasted 00:08:25 (802 turns).

tidbits the Insei (Gnoll Transmuter)                 Turns: 802, Time: 00:08:25

Health: -6/40      AC:  0    Str: 12    XL:     5   Next: 1%
Magic:  7/12       EV: 24    Int: 16    God:
Gold:   107        SH:  0    Dex: 21    Spells: 8/14 levels left

rFire    . . .     SeeInvis .     - Unarmed
rCold    . . .     Gourm    .   (shield currently unavailable)
rNeg     . . .     Faith    .   (armour currently unavailable)
rPois    x         Spirit   .   (helmet currently unavailable)
rElec    .         Reflect  .   (cloak currently unavailable)
rCorr    .         Harm     .   (gloves currently unavailable)
MR       +....                  (boots currently unavailable)
Stlth    ++........             (no amulet)
HPRegen  0.13/turn              f - ring of flight
MPRegen  0.13/turn              s - -2 ring of protection (curse)

@: spider-form
A: tiny, distributed training, deterioration 1, magic resistance 1, strong nose
a: End Transformation, Evoke Flight


You were on level 3 of the Dungeon.
You were not hungry.
You were a venomous arachnid creature.
You visited 1 branch of the dungeon, and saw 4 of its levels.

You collected 107 gold pieces.

Inventory:

Hand Weapons
 h - a +0 war axe
 i - a +0 spear of freezing
   (You took it off a gnoll on level 3 of the Dungeon)
 j - a +0 hunting sling
 o - a +0 dagger
Missiles
 a - 66 arrows
 b - 25 stones
 g - 4 tomahawks
 k - 6 steel javelins (quivered)
Armour
 l - a +0 ring mail
 n - a +0 ring mail of cold resistance
   (You found it on level 3 of the Dungeon)
 B - a +1 robe (melded)
Jewellery
 f - a ring of flight (left front leg)
   (You found it on level 1 of the Dungeon)
 s - a cursed -2 ring of protection (right front leg)
   (You found it on level 3 of the Dungeon)
Scrolls
 e - 2 scrolls of teleportation
 m - a scroll of amnesia
 p - a scroll of enchant weapon
 r - a scroll of random uselessness
Books
 c - a book of Changes

   Spells                             Type                      Level
   a - Beastly Appendage              Transmutation                1
   b - Sticks to Snakes               Transmutation                2
   c - Spider Form                    Transmutation/Poison         3
   d - Ice Form                       Ice/Transmutation            4
   e - Blade Hands                    Transmutation                5
Comestibles
 d - 4 rations


   Skills:
 + Level 2.8 Fighting
 + Level 1.2 Short Blades
 + Level 1.2 Long Blades
 + Level 1.2 Axes
 + Level 1.2 Maces & Flails
 + Level 1.2 Polearms
 + Level 1.2 Staves
 + Level 1.2 Slings
 + Level 1.2 Bows
 + Level 1.2 Crossbows
 + Level 1.2 Throwing
 + Level 1.2 Armour
 + Level 4.7 Dodging
 + Level 1.2 Stealth
 + Level 1.2 Shields
 + Level 6.6 Unarmed Combat
 + Level 5.1 Spellcasting
 + Level 1.0 Conjurations
 + Level 1.0 Hexes
 + Level 1.0 Charms
 + Level 1.0 Summonings
 + Level 1.0 Necromancy
 + Level 1.0 Translocations
 + Level 3.9 Transmutations
 + Level 1.0 Fire Magic
 + Level 1.0 Ice Magic
 + Level 1.0 Air Magic
 + Level 1.0 Earth Magic
 + Level 1.0 Poison Magic
 + Level 1.4 Invocations
 + Level 1.2 Evocations


You had 8 spell levels left.
You knew the following spells:

 Your Spells              Type           Power        Failure   Level  Hunger
e - Beastly Appendage     Tmut           ###...       11%         1    None
k - Sticks to Snakes      Tmut           ###.....     14%         2    #......
p - Spider Form           Tmut/Pois      ##........   34%         3    ###....


Dungeon Overview and Level Annotations

Branches:
Dungeon (4/15)
 Temple: D:4-7

Altars:


Innate Abilities, Weirdness & Mutations

Your experience applies equally to all skills.
((You have very sharp teeth.))
Your uncanny sense of smell can sniff out nearby items.
Your body sometimes deteriorates upon taking damage.
You are resistant to hostile enchantments. (MR+)


Message History

* * * LOW HITPOINT WARNING * * *
The gnoll closely misses you.
You hit the gnoll.
The gnoll looks as sick as possible!
The gnoll is heavily wounded.
The gnoll hits you with a club!
* * * LOW HITPOINT WARNING * * *
The gnoll hits you from afar with a spear.
* * * LOW HITPOINT WARNING * * *
You barely miss the gnoll.
The gnoll is almost dead.
You kill the gnoll!
The gnoll misses you.
It was a potion of mutation.
You feel extremely strange.
You feel yourself wasting away.
You feel resistant to hostile enchantments.
The gnoll misses you. The gnoll completely misses you.
Things that are here:
a club; a spear of freezing You bite the gnoll!
The gnoll is heavily wounded.
The gnoll misses you.
You hit the gnoll but do no damage.
The gnoll is poisoned.
The gnoll is heavily wounded.
You hit the gnoll.
You kill the gnoll!
Okay, then.
Casting: Sticks to Snakes
Confirm with . or Enter, or press ? or * to list all spells.
You don't know that spell.
i - a spear of freezing
There is a stone staircase leading down here.
Things that are here:
a spear; a gnoll corpse Your transformation has ended.
Your +1 robe unmelds from your body.
Found a scroll of amnesia.
Your magical contamination has completely faded away.
You see here a scroll of amnesia.
m - a scroll of amnesia Unknown command.
Found 13 gold pieces.
Found a runed ring mail.
You see here 13 gold pieces.
You now have 107 gold pieces (gained 13).
A quokka comes into view.
You see here a runed ring mail.
n - a runed ring mail
Casting: Sticks to Snakes
Confirm with . or Enter, or press ? or * to list all spells.
You turn into a venomous arachnid creature.
Your +1 robe melds into your body.
The quokka completely misses you.
You barely miss the quokka. The quokka bites you.
* * * LOW HITPOINT WARNING * * *
You barely miss the quokka. The quokka closely misses you.
You bite the quokka!
You kill the quokka!
You have reached level 5!
Your transformation is almost over.
Your transformation has ended.
Your +1 robe unmelds from your body. 4 goblins come into view.
The goblin shouts! x2; You hear a shout! x2
The goblin shoots a stone.
The stone barely misses you.
The goblin moves out of view.
The goblin shoots a stone.
The stone hits you.
* * * LOW HITPOINT WARNING * * *
A goblin comes into view. It is wielding a hunting sling.
The goblin shouts!
You hear a shout!
You see here 2 stones.
Casting: Spider Form
Confirm with . or Enter, or press ? or * to list all spells.
You turn into a venomous arachnid creature.
Your +1 robe melds into your body.
You hear a shout!
The goblin shoots a stone.
The stone barely misses you.
The goblin shoots a stone.
The stone misses you.
The goblin shoots a stone.
The stone hits you.
* * * LOW HITPOINT WARNING * * *
You see here a stone.
You aren't carrying any potions.
Unknown command.
Casting: Spider Form
Confirm with . or Enter, or press ? or * to list all spells.
You create a snake!
You now have 66 arrows.
A centaur comes into view.
The goblin unwields an uncursed hunting sling.
The goblin completely misses you.
You bite the goblin!
You kill the goblin!
The centaur wields a shortbow.
The centaur shoots an arrow.
The arrow closely misses you.
The centaur unwields an uncursed shortbow.
The centaur misses you. x2
Things that are here:
an uncursed hunting sling; 19 stones; a goblin corpse Unknown command.
You hit the centaur.
The centaur is poisoned.
The centaur is lightly wounded.
The centaur hits you!
You die...

#.#...........
#.#.......####
####.#.......
#..(..# #.# ####
#.....# ....
#.....### #### ∆
##.......# # ..
#.S....#.# #####
#####....
#s######.#####....
###........ #c#
#.......###
g()(####.. #g#
#######..#
.)....?....


.gg ..... ..)........ ..g.. ...... ≈≈.≈≈≈≈..≈≈ ≈..≈≈≈g .≈.≈≈.. ≈≈≈≈≈≈≈≈≈≈≈
≈≈≈≈≈≈..g ≈≈≈≈≈≈≈≈ ≈≈≈≈≈≈≈≈≈≈≈≈≈≈≈≈≈≈≈.g. ≈≈≈≈≈≈≈≈≈ ≈≈≈≈≈≈≈≈≈≈≈≈≈≈≈≈≈≈≈.... ≈≈≈≈
You could see a centaur, a hobgoblin, 3 goblins and a friendly ball python.

Vanquished Creatures
  Robin (D:3)
  3 gnolls (D:3)
  2 adders
  3 worms (D:2)
  2 dart slugs
  An orc (D:3)
  3 bats
  A giant cockroach (D:1)
  10 goblins
  3 hobgoblins
  2 quokkas
  4 frilled lizards
  5 kobolds
  7 rats
47 creatures vanquished.

Vanquished Creatures (collateral kills)
  A worm (D:2)
  A goblin (D:3)
2 creatures vanquished.

Vanquished Creatures (others)
  A goblin (D:3)
1 creature vanquished.

Grand Total: 50 creatures vanquished

Notes
Turn   | Place    | Note
-------+----------+-------------------------------------------
     0 | D:1      | tidbits the Gnoll Transmuter began the quest for the Orb.
     0 | D:1      | Reached XP level 1. HP: 17/17 MP: 6/6
   138 | D:1      | Reached XP level 2. HP: 17/23 MP: 7/7
   142 | D:1      | Learned a level 2 spell: Sticks to Snakes
   342 | D:3      | Reached XP level 3. HP: 22/28 MP: 9/9
   347 | D:3      | Learned a level 3 spell: Spider Form
   358 | D:3      | Noticed Robin
   368 | D:3      | Reached skill level 5 in Spellcasting
   380 | D:3      | HP: 2/28 [goblin/uncursed club[Robin] (1)]
   384 | D:3      | Killed Robin
   386 | D:3      | Reached skill level 1 in Invocations
   546 | D:2      | Reached skill level 1 in Short Blades
   546 | D:2      | Reached skill level 1 in Long Blades
   546 | D:2      | Reached skill level 1 in Axes
   546 | D:2      | Reached skill level 1 in Maces & Flails
   546 | D:2      | Reached skill level 1 in Polearms
   546 | D:2      | Reached skill level 1 in Staves
   546 | D:2      | Reached skill level 1 in Slings
   546 | D:2      | Reached skill level 1 in Bows
   546 | D:2      | Reached skill level 1 in Crossbows
   546 | D:2      | Reached skill level 1 in Throwing
   546 | D:2      | Reached skill level 1 in Armour
   546 | D:2      | Reached skill level 1 in Stealth
   546 | D:2      | Reached skill level 1 in Shields
   546 | D:2      | Reached skill level 1 in Evocations
   556 | D:2      | Reached XP level 4. HP: 20/34 MP: 1/11
   688 | D:3      | Reached skill level 1 in Conjurations
   688 | D:3      | Reached skill level 1 in Hexes
   688 | D:3      | Reached skill level 1 in Charms
   688 | D:3      | Reached skill level 1 in Summonings
   688 | D:3      | Reached skill level 1 in Necromancy
   688 | D:3      | Reached skill level 1 in Translocations
   688 | D:3      | Reached skill level 1 in Fire Magic
   688 | D:3      | Reached skill level 1 in Ice Magic
   688 | D:3      | Reached skill level 1 in Air Magic
   688 | D:3      | Reached skill level 1 in Earth Magic
   688 | D:3      | Reached skill level 1 in Poison Magic
   692 | D:3      | HP: 2/34 [gnoll/spear (2)]
   694 | D:3      | Gained mutation: Your body sometimes deteriorates upon taking damage. [potion of mutation]
   694 | D:3      | Gained mutation: You are resistant to hostile enchantments. (MR+) [potion of mutation]
   760 | D:3      | Reached XP level 5. HP: 5/40 MP: 7/12
   792 | D:3      | HP: 4/40 [goblin/stone (5)]
   799 | D:3      | Noticed a centaur
   802 | D:3      | Mangled by a centaur

Skill      XL: |  1  2  3  4 |
---------------+-------------+-----
Spellcasting   | 5 |  5.1
Invocations    | 1 |  1.4
Short Blades   | 1 |  1.2
Long Blades    | 1 |  1.2
Axes           | 1 |  1.2
Maces & Flails | 1 |  1.2
Polearms       | 1 |  1.2
Staves         | 1 |  1.2
Slings         | 1 |  1.2
Bows           | 1 |  1.2
Crossbows      | 1 |  1.2
Throwing       | 1 |  1.2
Armour         | 1 |  1.2
Stealth        | 1 |  1.2
Shields        | 1 |  1.2
Evocations     | 1 |  1.2
Conjurations   | 1 |  1.0
Hexes          | 1 |  1.0
Charms         | 1 |  1.0
Summonings     | 1 |  1.0
Necromancy     | 1 |  1.0
Translocations | 1 |  1.0
Fire Magic     | 1 |  1.0
Ice Magic      | 1 |  1.0
Air Magic      | 1 |  1.0
Earth Magic    | 1 |  1.0
Poison Magic   | 1 |  1.0
Fighting       | |  2.8
Dodging        | |  4.7
Unarmed Combat | |  6.6
Transmutations | |  3.9

Action                   |  1- 3 |  4- 6 || total
-------------------------+-------+-------++-------
Melee: Unarmed           |    74 |    46 ||   120
       Kick              |     9 |       ||     9
       Punch             |     1 |       ||     1
       Bite              |       |     1 ||     1
 Cast: Beastly Appendage |    11 |       ||    11
       Spider Form       |     6 |     5 ||    11
       Sticks to Snakes  |     3 |     2 ||     5
  Use: Scroll            |     7 |       ||     7
       Potion            |     5 |     1 ||     6
 Stab: Sleeping          |     4 |     1 ||     5
       Distracted        |       |     1 ||     1
  Eat: Ration            |     1 |       ||     1
Armor: Robe              |     5 |     1 ||     6
       Skin              |     2 |       ||     2
Dodge: Dodged            |    68 |    45 ||   113

Table legend:
 A = Turns spent in this place as a percentage of turns spent in the entire game.
 B = Non-inter-level travel turns spent in this place as a percentage of non-inter-level travel turns spent in the entire game.
 C = Inter-level travel turns spent in this place as a percentage of turns spent in this place.
 D = Turns resting spent in this place as a percentage of non-inter-level travel turns spent in this place.
 E = Turns spent auto-exploring this place as a percentage of non-inter-level travel turns spent in this place.
 F = Non-inter-level travel turns spent in this place divided by the number of levels of this place that you've seen.
                   A       B       C       D       E      F
               +-------+-------+-------+-------+-------+----------------------
         Total | 100.0 | 100.0 |   0.0 |   0.0 |   0.0 | 200.5
       Dungeon | 100.0 | 100.0 |   0.0 |   0.0 |   0.0 | 200.5
               +-------+-------+-------+-------+-------+----------------------

Table legend:
 A = Kills in this place as a percentage of kills in entire the game.
 B = Kills by you in this place as a percentage of kills by you in the entire game.
 C = Kills by friends in this place as a percentage of kills by friends in the entire game.
 D = Other kills in this place as a percentage of other kills in the entire game.
 E = Experience gained in this place as a percentage of experience gained in the entire game.
 F = Experience gained in this place divided by the number of levels of this place that you have seen.
                   A       B       C       D       E      F
               +-------+-------+-------+-------+-------+----------------------
         Total | 100.0 | 100.0 | 100.0 |   N/A | 100.0 |  41.8
       Dungeon | 100.0 | 100.0 | 100.0 |   N/A | 100.0 |  41.8
               +-------+-------+-------+-------+-------+----------------------

Vault maps used:
D:1:      eino_arrival_cavern_b, serial_forest, infiniplex_forest_clump_medium,
          infiniplex_forest_side_room, infiniplex_forest_lined_corner,
          infiniplex_forest_clump_cross, infiniplex_forest_lined_corner
D:2:      nicolae_tso_carved_into_rock
D:3:      minmay_goblin_kobold_castle, uniq_terence, uniq_robin
D:4:      lightli_temple_of_fire
